 Dungeon Crawl Stone Soup version 0.17-a0-670-g5d95ebd (webtiles) character file.

1478 Leibowitz the Ducker (level 9, -3/55 HPs)
             Began as a Kobold Fighter on Apr 18, 2015.
             Slain by an ogre
             ... wielding a +0 giant club
              (17 damage)
             ... on level 5 of the Dungeon.
             The game lasted 00:26:55 (6263 turns).

Leibowitz the Ducker (Kobold Fighter)               Turns: 6263, Time: 00:26:55

Health: -3/55      AC:  4    Str: 14    XL:     9   Next: 6%
Magic:  9/9        EV: 19    Int:  6    God:
Gold:   299        SH:  6    Dex: 19    Spells: 0 memorised, 8 levels left

rFire  + . .     SeeInvis .     a - +0 rapier
rCold  . . .     Clarity  .     n - +0 leather armour
rNeg   . . .     SustAb   .     t - +0 buckler {reflect}
rPois  .         Gourm    .     (helmet restricted)
rElec  .         Spirit   .     o - +2 cloak
rCorr  .         Warding  .     (no gloves)
rMut   .         Stasis   .     (no boots)
MR     +....                    (no amulet)
Stlth  +++.......               (no ring)
                                e - ring of protection from fire

@: drained, somewhat resistant to hostile enchantments, fairly stealthy
A: antennae 1, carnivore 3, deformed body, magic resistance 1
a: no special abilities


You were on level 5 of the Dungeon.
You were full.

You visited 1 branch of the dungeon, and saw 5 of its levels.
You also visited: Ossuary.

You collected 299 gold pieces.

Inventory:

Hand weapons
 a - a +0 rapier (weapon)
Missiles
 j - 18 poisoned needles
Armour
 n - a +0 leather armour (worn)
 o - a +2 cloak (worn)
 t - a +0 buckler of reflection (worn)
Jewellery
 b - an uncursed amulet of resist mutation
 e - a ring of protection from fire (left hand)
Magical devices
 r - a wand of polymorph (9)
Scrolls
 c - 6 scrolls of remove curse
 f - 3 scrolls of magic mapping {unknown}
 h - 7 scrolls of teleportation {unknown}
 i - a scroll of blinking {unknown}
 k - a scroll of immolation {unknown}
 l - 4 scrolls of recharging {unknown}
 m - 5 scrolls of identify {unknown}
 q - 4 scrolls of enchant weapon {unknown}
 u - 3 scrolls of fear {unknown}
 v - a scroll of random uselessness {unknown}
 w - a scroll of silence {unknown}
Potions
 x - a potion of resistance
Comestibles
 d - a meat ration
 s - 2 beef jerkies
 z - a slice of pizza


   Skills:
 * Level 5.9(5.3) Fighting
 * Level 6.3(5.7) Short Blades
 + Level 3.3(2.7) Armour
 * Level 7.1(6.4) Dodging
 * Level 5.1(4.5) Stealth
 * Level 3.9(3.3) Shields


You had 8 spell levels left.
You didn't know any spells.

Dungeon Overview and Level Annotations

Branches:
Dungeon (5/15)             Temple (0/1) D:5

Altars:
Elyvilon
Gozag
Sif Muna

Shops:
D:4 %

Annotations:
D:5 Menkaure


Innate Abilities, Weirdness & Mutations

You are small and have problems with some larger weapons.
You are carnivorous and can eat meat at any time.
You have a pair of small antennae on your head.
Armour fits poorly on your strangely shaped body.
You are resistant to hostile enchantments.


Message History

You hit the ogre.
The ogre is moderately wounded.
You hit the ogre.
The ogre is moderately wounded.
You block the ogre's attack.
You hit the ogre.
The ogre is moderately wounded.
The crimson imp misses you. The ogre hits you with a giant club!
You hit the ogre.
The ogre is heavily wounded.
The crimson imp closely misses you.
You hit the ogre but do no damage.
The ogre is heavily wounded.
The ogre hits you with a giant club!!
* * * LOW HITPOINT WARNING * * *
The crimson imp hits you but does no damage.
You hit the ogre.
The ogre is severely wounded.
The crimson imp closely misses you. The ogre hits you with a giant club!
You die...

############
#########..........##
#...................#####
#......≈≈≈≈≈...........%.
##....≈≈≈≈≈≈≈≈≈...........
#...≈≈≈≈≈≈≈≈≈≈≈≈≈.........
#..≈≈≈≈≈≈≈≈≈≈≈≈≈≈≈.##.##.#
#####..≈≈≈≈≈≈...≈≈≈≈≈≈.##.##.#
#....+.≈≈≈≈≈O@>.≈≈≈≈≈≈.....#..
+......≈≈≈≈≈5...≈≈≈≈≈≈.....#..
#.......≈≈≈≈≈≈≈≈≈≈≈≈≈......+..
####.#....≈≈≈≈≈≈≈≈≈....##+##+#
#'#......≈≈≈≈≈......#
.'..5'.............)... .
M##.##.############.## #. .#
.. ..


You could see an ogre and a crimson imp.

Vanquished Creatures
  3 ogres
  A phantom (D:4)
  3 wights (D:4)
  8 scorpions (Ossuary)
  A hound (D:4)
  2 centaur zombies (Ossuary)
  An orc priest (D:3)
  2 human zombies (Ossuary)
  A worker ant (D:4)
  A centaur skeleton (D:4)
  A gnoll shaman (D:4)
  2 big kobold zombies (Ossuary)
  A hound skeleton (D:4)
  3 mummies (Ossuary)
  Robin (D:3)
  7 scorpion zombies (Ossuary)
  3 adders
  5 gnolls
  An ooze (D:1)
  3 worms (D:3)
  2 giant geckos
  6 orcs
  A bat zombie (D:4)
  4 giant cockroaches
  2 gnoll zombies (Ossuary)
  10 hobgoblins
  2 jackals (D:4)
  4 quokkas
  14 bats
  3 giant newts (D:1)
  18 goblins
  4 goblin zombies
  A hobgoblin zombie (Ossuary)
  6 kobolds
  A kobold zombie (Ossuary)
  A quokka zombie (D:4)
  6 rats
135 creatures vanquished.

Vanquished Creatures (others)
  A big kobold zombie (Ossuary)
1 creature vanquished.

Grand Total: 136 creatures vanquished

Notes
Turn   | Place    | Note
--------------------------------------------------------------
     0 | D:1      | Leibowitz, the Kobold Fighter, began the quest for the Orb.
     0 | D:1      | Reached XP level 1. HP: 14/14 MP: 1/1
   190 | D:1      | Reached XP level 2. HP: 9/19 MP: 2/2
   378 | D:1      | Reached skill level 1 in Dodging
   434 | D:1      | Reached XP level 3. HP: 23/23 MP: 3/3
   494 | D:1      | Reached skill level 1 in Stealth
  1095 | D:2      | Reached XP level 4. HP: 27/29 MP: 4/4
  1461 | D:3      | Noticed Robin
  1488 | D:3      | Killed Robin
  1499 | D:3      | HP: 1/29 [orc priest/divine providence (13)]
  1502 | D:3      | Reached XP level 5. HP: 28/33 MP: 5/5
  1978 | D:3      | Found an opulent altar of Gozag.
  2008 | D:3      | Found a deep blue altar of Sif Muna.
  2183 | D:4      | Found Vumuw's Food Boutique.
  2214 | D:4      | Noticed a phantom
  2223 | D:4      | Reached skill level 4 in Fighting
  2223 | D:4      | Reached XP level 6. HP: 35/38 MP: 6/6
  2250 | D:4      | Killed a phantom
  2327 | D:4      | Noticed an ogre
  2333 | D:4      | Noticed an ogre
  2496 | D:4      | Found a sand-covered staircase.
  2503 | Ossuary  | Entered an ossuary
  2914 | Ossuary  | Reached XP level 7. HP: 37/43 MP: 7/7
  3038 | Ossuary  | Reached skill level 5 in Dodging
  3070 | Ossuary  | HP: 2/44 [mummy (6)]
  3860 | Ossuary  | Reached XP level 8. HP: 38/48 MP: 8/8
  3894 | Ossuary  | Reached skill level 5 in Fighting
  4090 | Ossuary  | Reached skill level 5 in Short Blades
  4452 | D:4      | Killed an ogre
  4452 | D:4      | Reached skill level 6 in Dodging
  4500 | D:4      | Killed an ogre
  4508 | D:4      | Gained mutation: Armour fits poorly on your strangely shaped body. [potion of mutation]
  4508 | D:4      | Gained mutation: You have a pair of small antennae on your head. [potion of mutation]
  4508 | D:4      | Gained mutation: You are resistant to hostile enchantments. [potion of mutation]
  6027 | D:5      | Entered Level 5 of the Dungeon
  6027 | D:5      | Noticed Menkaure
  6073 | D:5      | Reached skill level 7 in Dodging
  6073 | D:5      | Reached skill level 5 in Stealth
  6073 | D:5      | Reached XP level 9. HP: 55/55 MP: 9/9
  6120 | D:5      | Found a white marble altar of Elyvilon.
  6222 | D:5      | Found a staircase to the Ecumenical Temple.
  6263 | D:5      | Slain by an ogre

Action                   |  1- 3 |  4- 6 |  7- 9 || total
-------------------------+-------+-------+-------++-------
Melee: Rapier            |   101 |   216 |   487 ||   804
  Use: Potion            |     2 |     5 |     6 ||    13
       Scroll            |       |       |     2 ||     2
 Stab: Sleeping          |       |     5 |     6 ||    11
  Eat: Chunk             |     9 |     5 |     9 ||    23
